Map: Void Training Stage 1

Players

Erfeyah - Winner!

  • Race: Protoss Protoss
  • Spawn Location: 5:00

Player 2

  • Race: Zerg Zerg
  • Spawn Location: 11:00

VOD

Have the link to the VOD?

Description

Time

  • Played on: Nov. 17, 2017, 6:37 a.m.
  • Length: 15:59
Show
View Real Time Build Order
Export as new Build Order

Erfeyah Protoss - Winner!

Build Orders:  

Get SALT Encoding   

  12  0:20  Probe  
  13  0:30  Pylon  
  13  0:32  Probe  
  14  0:44  Probe  
  15  0:55  Gateway  
  15  0:56  Probe  
  16  0:59  Pylon  
  16  1:11  Probe  
  17  1:26  Assimilator  
  17  1:43  Zealot  
  19  2:00  Gateway  
  19  2:02  Gateway  
  19  2:10  Zealot  
  21  2:42  Cybernetics Core  
  21  2:50  Probe  
  22  2:55  Assimilator  
  22  2:59  Zealot x3  
  22  3:02  Probe  
  29  3:14  Probe  
  30  3:22  Pylon x2  
  30  3:25  Pylon  
  30  3:26  Probe  
  31  3:28  Warp Gate (Chrono Boost)  
  31  3:40  Probe, Zealot x3  
  38  4:07  Stalker (Chrono Boost)  
  42  4:17  Stalker (Chrono Boost)  
  42  4:30  Probe  
  43  4:42  Probe, Pylon  
  43  4:44  Pylon  
  44  4:46  Pylon  
  44  4:57  Zealot x3  
  50  5:24  Stalker x3  
  56  5:46  Pylon  
  56  5:47  Pylon  
  56  5:49  Pylon  
  56  5:50  Pylon  
  56  5:52  Pylon  
  56  5:54  Pylon, Stalker x3  
  62  6:24  Nexus  
  62  6:46  Gateway  
  62  6:50  Gateway  
  62  6:53  Gateway  
  62  7:21  Stalker  
  62  7:22  Stalker x2  
  68  7:49  Probe  
  69  8:02  Probe, Stalker x5  
  69  8:03  Stalker  
  82  8:14  Probe  
  83  8:44  Stalker  
  85  8:52  Pylon  
  85  8:53  Pylon  
  85  8:57  Pylon  
  85  8:59  Pylon  
  85  9:01  Pylon  
  85  9:07  Pylon  
  85  9:39  Stalker x6  
  97  10:15  Probe  
  97  10:16  Gateway  
  97  10:20  Gateway  
  98  10:22  Gateway  
  98  10:27  Probe  
  99  10:31  Gateway  
  99  10:33  Gateway  
  99  10:42  Zealot x2  
  99  10:43  Zealot x2  
  107  11:19  Gateway  
  107  11:23  Gateway  
  107  11:26  Gateway  
  107  11:37  Stalker  
  107  11:38  Stalker x5  
  119  12:18  Nexus  
  119  12:30  Stalker x5  
  129  12:50  Pylon x2  
  129  12:55  Pylon  
  129  12:58  Pylon, Stalker  
  131  13:13  Probe  
  132  13:22  Probe  
  134  13:34  Probe x2  
  135  13:46  Probe  
  135  13:47  Probe  
  137  13:54  Stalker x5  
  147  13:58  Probe  
  147  13:59  Probe  
  149  14:10  Probe  
  150  14:22  Probe  
  151  15:34  Stalker x5  
Show
View Real Time Build Order
Export as new Build Order

Player 2 Zerg 

Build Orders: Pool First 

Get SALT Encoding   

  12  0:00  Drone  
  13  0:12  Overlord  
  13  0:17  Drone  
  14  0:34  Spawning Pool  
  13  0:37  Drone  
  13  0:41  Extractor  
  13  0:44  Drone  
  14  0:51  Overlord  
  14  1:21  Zergling x2  
  14  1:22  Queen  
  17  1:30  Roach Warren  
  17  1:32  Extractor  
  15  1:34  Drone  
  16  1:41  Drone  
  17  1:48  Zergling x2  
  18  2:02  Drone  
  19  2:09  Drone  
  20  2:15  Zergling x2  
  20  2:17  Drone  
  22  2:28  Overlord  
  22  2:32  Drone  
  23  2:39  Drone  
  23  2:43  Roach  
  26  2:51  Drone  
  27  7:16  Drone  
  27  7:17  Lair, Overlord  
  28  7:23  Drone  
  28  7:29  Hatchery  
  28  7:31  Drone  
  29  7:38  Drone  
  30  8:14  Overseer  
  30  8:17  Zergling x2, Overseer  
  26  8:42  Drone  
  27  8:49  Drone  
  27  8:51  Extractor  
  27  8:56  Drone  
  28  9:03  Drone  
  28  9:07  Extractor  
  28  9:10  Drone  
  29  9:18  Drone  
  30  9:25  Drone  
  31  9:32  Drone  
  32  9:39  Drone  
  33  9:46  Drone  
  34  9:53  Drone  
  35  10:00  Drone  
  36  10:08  Drone  
  37  10:15  Drone  
  38  10:22  Drone  
  39  10:29  Drone  
  40  10:36  Drone  
  40  10:38  Overlord  
  41  10:43  Drone  
  42  10:50  Drone  
  43  12:51  Overseer, Pneumatized Carapace, Overlord, Roach  
  45  12:52  Overlord  
  45  13:09  Roach  
  48  13:27  Roach  
  48  13:45  Zergling x2  
  49  14:28  Zergling x2  
  47  14:35  Overseer  
  43  14:46  Roach  
  44  14:54  Drone  
  39  15:03  Drone  
  39  15:04  Roach  
  36  15:11  Drone  
  32  15:15  Overseer  
  32  15:17  Overseer  
  32  15:18  Drone, Overlord  
  31  15:22  Roach  
  31  15:26  Drone  
  31  15:30  Overseer  
  31  15:33  Drone  
  25  15:40  Overlord  
  25  15:41  Overseer, Drone  
Tags
 
Add a new tag
Caveats
  • Supply blocks, unpowered buildings, or Contaminate may cause inaccurate times.
  • Supply counts are checked every 10 seconds.